 Dungeon Crawl Stone Soup version 0.21.1-1-g345015f (webtiles) character file.

134 KleinerIrrer the Chopper (level 5, 0/41 HPs)
             Began as a Formicid Fighter on Apr 4, 2018.
             Slain by a wight
             ... wielding a +5 great sword of freezing
              (6 damage)
             ... on level 3 of the Dungeon.
             The game lasted 00:01:07 (2183 turns).

KleinerIrrer the Chopper (Formicid Fighter)         Turns: 2183, Time: 00:01:07

Health: 0/41       AC:  6    Str: 21    XL:     5   Next: 40%
Magic:  5/5        EV:  7    Int:  8    God:
Gold:   87         SH:  9    Dex: 10    Spells: 4/4 levels left

rFire    . . .     SeeInvis +   Y - +0 war axe
rCold    . . .     Gourm    .   c - +0 shield
rNeg     . . .     Faith    .   b - +0 scale mail
rPois    .         Spirit   .   (helmet unavailable)
rElec    .         Reflect  .   (no cloak)
rCorr    .         Harm     .   (no gloves)
MR       .....                  (no boots)
Stlth    ..........             (no amulet)
HPRegen  0.13/turn              (no ring)
MPRegen  0.09/turn              (no ring)

@: drained
A: permanent stasis, dig shafts and tunnels, four strong arms, antennae 3
a: Dig, Shaft Self


You were on level 3 of the Dungeon.
You were not hungry.

You visited 1 branch of the dungeon, and saw 3 of its levels.

You collected 87 gold pieces.


Innate Abilities, Weirdness & Mutations

You cannot be hasted, slowed, berserked, paralysed or teleported.
You can dig through walls and to a lower floor.
Your four strong arms can wield two-handed weapons with a shield.
You have a pair of large antennae on your head. (SInv)


   Skills:
 - Level 3.2(2.3) Fighting
 - Level 5.2(4.2) Axes
 - Level 3.2(2.3) Armour
 + Level 0.0 Dodging
 - Level 3.6(2.6) Shields


You had 4 spell levels left.
You didn't know any spells.

Inventory:

Hand Weapons
 h - a +0 club
 Y - a +0 war axe (weapon)
Armour
 b - a +0 scale mail (worn)
 c - a +0 shield (worn)
Scrolls
 a - a scroll of identify
Potions
 d - 2 potions of might
 f - a potion of mutation {unknown}
 g - a potion of curing
 j - a potion of heal wounds {unknown}
Comestibles
 e - 5 rations

Dungeon Overview and Level Annotations

Branches:
Dungeon (3/15)

Altars:
Nemelex Xobeh


Message History

You climb downwards.
The wight hits you with a great sword of freezing.
The wight freezes you.
There is a stone staircase leading up, spattered with blood here.
Existing waypoints: (1) D:2 (2) D:1 Assign waypoint to what number? (0-9, D - delete waypoint) Waypoint 2 re-assigned from D:1 to D:3.
You hit the wight.
The wight is lightly damaged.
The wight hits you with a great sword of freezing!!
The wight freezes you.
You slash the wight!
The wight is severely damaged.
The wight hits you with a great sword of freezing.
The wight freezes you.
You hit the wight.
The wight is almost destroyed.
The wight hits you with a great sword of freezing.
You die...

#.# #.# #.#
#z# #.# #z#
#.#
#########.#
#@z.......#
###########


You could see a wight.

Vanquished Creatures
  2 wights (D:2)
  2 oozes (D:2)
  2 dart slugs (D:2)
  A ball python (D:1)
  A giant cockroach (D:1)
  4 goblins
  6 hobgoblins
  4 jackals (D:1)
  4 kobolds
  5 bats
  2 frilled lizards (D:2)
  3 rats
36 creatures vanquished.

Notes
Turn   | Place    | Note
-------+----------+-------------------------------------------
     0 | D:1      | KleinerIrrer the Formicid Fighter began the quest for the Orb.
     0 | D:1      | Reached XP level 1. HP: 18/18 MP: 1/1
     0 | D:1      | 0 ||| counter = 4
   207 | D:1      | Reached XP level 2. HP: 24/24 MP: 2/2
   392 | D:1      | Reached skill level 3 in Axes
   591 | D:1      | Reached XP level 3. HP: 29/29 MP: 3/3
   836 | D:1      | 836 ||| READING 3 scrolls labeled BALAKHL VIUMUO.
   837 | D:1      | 837 ||| READING scroll labeled INADOPSOFEP.
   838 | D:1      | 838 ||| READING 2 scrolls of identify.
   838 | D:1      | 838 ||| IDENTIFYING pink potion
   839 | D:1      | 839 ||| DROPPING potion of brilliance.
  1139 | D:2      | Found a sparkling altar of Nemelex Xobeh.
  1388 | D:2      | Reached skill level 4 in Axes
  1388 | D:2      | Reached XP level 4. HP: 32/35 MP: 4/4
  1591 | D:2      | 1591 ||| READING scroll labeled HYUSIGUBRI.
  1592 | D:2      | 1592 ||| DRINKING 2 sedimented white potions.
  1653 | D:3      | 1653 ||| STAIRDANCE
  1781 | D:3      | 1781 ||| STAIRDANCE
  1785 | D:2      | 1785 ||| STAIRDANCE
  1841 | D:1      | 1841 ||| EATING 6 rations.
  1855 | D:2      | 1855 ||| STAIRDANCE
  1987 | D:3      | 1987 ||| STAIRDANCE
  1993 | D:2      | Reached skill level 5 in Axes
  1993 | D:2      | Reached XP level 5. HP: 17/41 MP: 5/5
  1994 | D:2      | 1994 ||| STAIRDANCE
  2182 | D:3      | HP: 9/41 [wight/great sword of freezing (6)]
  2183 | D:3      | Slain by a wight

Vault maps used:
D:1:      dpeg_arrival_stone_temple_mockup, st_stairs_12
D:2:      first_ration, nemelex_xobeh_ov_fountains_minmay
D:3:      gammafunk_temple_overflow_forgotten, chequers_ecumenical_altar_grove

Skill      XL: |  1  2  3  4 |
---------------+-------------+-----
Axes           | 3 4 5 |  5.2
Fighting       | |  3.2
Armour         | |  3.2
Shields        | |  3.6

Action                   |  1- 3 |  4- 6 || total
-------------------------+-------+-------++-------
Melee: War axe           |   116 |    23 ||   139
  Use: Scroll            |     3 |     1 ||     4
       Potion            |       |     1 ||     1
  Eat: Chunk             |     2 |       ||     2
       Ration            |       |     1 ||     1
Armor: Scale mail        |    56 |     3 ||    59
Dodge: Dodged            |    36 |     5 ||    41
Block: Shield            |    46 |    14 ||    60

Table legend:
 A = Spawn XP
 B = Non-spawn XP
 C = Spawn XP percentage of total XP
 D = Spawn monster count
 E = Non-spawn monster count
 F = Spawn count percentage of total count
 G = Total turns spent on level
                    A         B        C        D         E        F      G
               +---------+---------+-------+---------+---------+-------+---------
         Total |       0 |     192 |   0.0 |       0 |      36 |   0.0 |  2183
               +---------+---------+-------+---------+---------+-------+---------
           D:1 |       0 |      31 |   0.0 |       0 |      18 |   0.0 |  1232
           D:2 |       0 |     161 |   0.0 |       0 |      18 |   0.0 |   905
               +---------+---------+-------+---------+---------+-------+---------
